Unix NetHack Version 5.0.0-0 post-release - last build May  4 2026 22:22:43 (774f63e81ad911689b3a0859ea89b322d5daca8d,branch:main).

Game began 2026-05-08 13:37:14, ended 2026-05-08 14:28:57.

BSL2425737, neutral female human Valkyrie

                                                      #
                                                   ---.----
                                                   +....?..#
                                                   |......|#       -.----
                                                   |......|#  #    |(...|
                                                   |.p.{..|######` ..e.(
                                                   |....<.|##   #   -@-
                                                   --------######### #d##
                                                         ### # ---..----.-
                                                               ..........|
                                                               |.........|
                                                               |.........|
                                                               -.--...----
                                                                # |...|
                                                                  |...|
                                                                  -----

BSL2425737 the Skirmisher   St:18/08 Dx:12 Co:18 In:15 Wi:7 Ch:10  Neutral
Dlvl:8  $:152 HP:0(61) Pw:11(11) AC:6  Xp:5 T:3401  Hungry  

Latest messages:
 The jackal bites!
 The jackal bites!
 The jackal bites!
 The jackal bites!
 The jackal bites!
 The jackal bites!
 The jackal bites!
 The jackal bites!
 The jackal bites!
 The jackal bites!
 The jackal bites!
 The jackal bites!
 The jackal bites!
 The jackal bites!
 The jackal bites!
 The jackal bites!
 The jackal bites!
 The jackal bites!
 The jackal just misses!
 The jackal just misses!
 The jackal bites!
 The jackal bites!
 The jackal bites!
 The jackal bites!
 The jackal bites!
 The jackal bites!
 The jackal bites!
 The jackal bites!
 The jackal bites!
 The jackal bites!
 The jackal bites!
 The jackal bites!
 The jackal bites!
 The jackal bites!
 The jackal bites!
 The jackal bites!
 The jackal bites!
 The jackal bites!
 The jackal bites!
 The jackal bites!
 The jackal bites!
 The jackal bites!
 The jackal bites!
 The jackal bites!
 You die...
 Do you want your possessions identified? [ynq] (y) y
 Do you want to see your attributes? [ynq] (y) n
 Do you want an account of creatures vanquished? [ynaq] (y) n
 Do you want to see your conduct and achievements? [ynq] (y) n
 Do you want to see the dungeon overview? [ynq] (y) y

Inventory:
 Coins    ('$')
  $ - 152 gold pieces
 Weapons  (')')
  e - 7 +0 crossbow bolts
  r - a +0 boomerang
  b - a +0 dagger (at the ready)
  a - a +1 spear (weapon in right hand)
 Armor    ('[')
  c - an uncursed +3 small shield (being worn)
  f - an uncursed +0 ring mail
 Comestibles  ('%')
  g - an uncursed lembas wafer
  v - an uncursed tripe ration
  i - an uncursed lichen corpse
 Scrolls  ('?')
  n - an uncursed scroll of magic mapping
 Spellbooks  ('+')
  t - an uncursed spellbook of cone of cold
  h - an uncursed spellbook of confuse monster
  m - an uncursed spellbook of create monster
 Potions  ('!')
  s - an uncursed potion of gain level
  p - a cursed potion of paralysis
 Gems/Stones  ('*')
  j - a cursed worthless piece of blue glass
  k - an uncursed worthless piece of red glass
 Boulders/Statues  ('`')
  w - an uncursed statue of a yellow light containing 1 item

Contents of the statue of a yellow light:
  an uncursed spellbook of detect food

BSL2425737 the Valkyrie's attributes:

Background:
 You were a Skirmisher, a level 5 human Valkyrie.
 You were neutral, nominally on a mission for Odin
 who was opposed by Tyr (lawful) and Loki (chaotic).
 You were right-handed.
 You were in the Dungeons of Doom, on level 8.
 You entered the dungeon 3401 turns ago.
 You had 298 experience points, 22 more were needed to attain level 6.

Basics:
 You had 0 out of 61 hit points.
 You had all 11 energy points (spell power).
 Your armor class was 6.
 Your wallet contained 152 zorkmids.
 Autopickup was off.

Final Characteristics:
 Your strength was 18/08 (limit:18/100).
 Your dexterity was 12 (limit:18).
 Your constitution was 18 (limit:18).
 Your intelligence was 15 (limit:18).
 Your wisdom was 7 (limit:18).
 Your charisma was 10 (limit:18).

Final Status:
 You were hungry.
 You were unencumbered.
 You were wielding a spear.
 You had basic skill with spear and could have enhanced that.

Final Attributes:
 You were piously aligned.
 You were cold resistant.
 You were stealthy.
 You are dead.

Miscellaneous:
 You didn't encounter any bones levels.
 Total elapsed playing time was 51 minutes and 21 seconds.

Major events:
 Turn
    1: BSL2425737 the neutral human Valkyrie entered the dungeon
  950: attained the rank of Skirmisher (level 3)
 3401: killed by a jackal, while frozen by a floating eye's gaze

You didn't know any spells.

Skills:
 Fighting Skills
   bare handed combat [Unskilled]
   two weapon combat  [Unskilled]
   riding             [Unskilled]
 Weapon Skills
   dagger             [Basic]
   axe                [Unskilled]
   pick-axe           [Unskilled]
   short sword        [Unskilled]
   broadsword         [Unskilled]
   long sword         [Unskilled]
   two-handed sword   [Unskilled]
   saber              [Unskilled]
   hammer             [Unskilled]
   quarterstaff       [Unskilled]
   polearms           [Unskilled]
   spear              [Basic]
   trident            [Unskilled]
   lance              [Unskilled]
   sling              [Unskilled]
 Spellcasting Skills
   attack spells      [Unskilled]
   escape spells      [Unskilled]

Voluntary challenges:
 Character rerolling was not enabled.
 You were an atheist.
 You were illiterate.
 You never genocided any monsters.
 You never polymorphed an object.
 You never changed form.
 You used no wishes.
Achievement:
 You attained the rank of Skirmisher.

 The Dungeons of Doom: levels 1 to 8
    Level 1:
       A fountain.
    Level 2:
    Level 3:
    Level 4:
    Level 5:
       A fountain.
    Level 6:
       Many fountains.
    Level 7:
       A fountain.
    Level 8: <- You were here.
       A fountain.
       Final resting place for
          you, killed by a jackal, while frozen by a floating eye's gaze.


Vanquished creatures:
  a lizard
  a rock piercer
  2 rock moles
  a pony
  a fog cloud
  a shrieker
  a giant ant
  2 floating eyes
  a kitten
  2 kobold shamans
  3 rothes
  a centipede
  a giant bat
  a dwarf zombie
  2 iguanas
 an acid blob
  2 manes
  a giant rat
  2 yellow molds
  2 green molds
  a gnome
  2 gnome zombies
  3 geckos
  4 jackals
  2 foxes
  3 kobolds
  a goblin
  4 grid bugs
  3 lichens
  8 newts
60 creatures vanquished.

No species were genocided or became extinct.

Game over:
                       ----------
                      /          \
                     /    REST    \
                    /      IN      \
                   /     PEACE      \
                  /                  \
                  |    BSL2425737    |
                  |      152 Au      |
                  |   killed by a    |
                  |      jackal      |
                  |                  |
                  |                  |
                  |       2026       |
                 *|     *  *  *      | *
        _________)/\\_//(\/(/\)/\//\/|_)_______

Farvel BSL2425737 the Valkyrie...

You died in The Dungeons of Doom on dungeon level 8 with 1679 points,
and 152 pieces of gold, after 3401 moves.
You were level 5 with a maximum of 61 hit points when you died.

